 Dungeon Crawl Stone Soup version 0.16.2-12-gd0ad4c3 (webtiles) character file.

210721 magipi the Severer (level 18, 0/148 HPs)
             Began as a Ghoul Gladiator on Dec 5, 2015.
             Was the Champion of Makhleb.
             Slain by a deep troll (7 damage)
             ... led by an ironheart preserver
             ... on level 1 of the Vaults on Dec 7, 2015.
             The game lasted 04:07:15 (27517 turns).

magipi the Severer (Ghoul Gladiator)               Turns: 27517, Time: 04:07:15

Health: 0/148      AC: 38    Str: 25    XL:     18   Next: 35%
Magic:  31/31      EV:  8    Int: 15    God:    Makhleb [******]
Gold:   3503       SH:  0    Dex:  5    Spells: 3 memorised, 17 levels left

rFire  + . .     SeeInvis .     a - +9 battleaxe (flame)
rCold  + . .     Clarity  .     C - +9 plate armour of the Flute {Str+4 Int+7}
rNeg   + + +     SustAb   .     (no shield)
rPois  ∞         Gourm    .     c - +2 helmet
rElec  .         Spirit   .     D - +1 cloak
rCorr  .         Warding  .     x - +2 pair of gloves
rMut   .         Stasis   .     R - +1 pair of boots
MR     ++...                    r - amulet of regeneration
Stlth  ..........               P - ring "Klaxyomy" {rN+ MR+ AC+3 Dex-5}
                                f - ring of protection from fire

@: rotting, very resistant to hostile enchantments, extremely unstealthy
A: rotting body, claws 1, carnivore 3, cold resistance 1, negative energy
resistance 3, poison resistance, slow healing 1, torment resistance, unbreathing
a: Minor Destruction, Lesser Servant of Makhleb, Major Destruction, Greater
Servant of Makhleb, Renounce Religion
}: 2/15 runes: decaying, gossamer


You were on level 1 of the Vaults.
You worshipped Makhleb.
Makhleb was exalted by your worship.
You were not hungry.

You visited 7 branches of the dungeon, and saw 39 of its levels.
You also visited: Ice Cave and Volcano.

You collected 4636 gold pieces.
You spent 1133 gold pieces at shops.

Inventory:

Hand weapons
 a - a +9 battleaxe of flaming (weapon)
 b - a +0 blowgun
Missiles
 d - 4 throwing nets (quivered)
 y - 50 poisoned needles
 F - 12 javelins
 Y - 7 curare-tipped needles
Armour
 c - a +2 helmet (worn)
 x - a +2 pair of gloves (worn)
 C - the +9 plate armour of the Flute (worn) {Str+4 Int+7}
   (You found it on level 4 of the Lair of Beasts)

   It affects your strength (+4).
   It affects your intelligence (+7).
 D - a +1 cloak (worn)
 R - a +1 pair of boots (worn)
Jewellery
 f - a ring of protection from fire (left hand)
 r - an amulet of regeneration (around neck)
 t - an uncursed ring of teleportation
 w - an uncursed ring of wizardry
 A - the ring of Gimn {+Fly rN+ Dex+4}
   (You found it on level 12 of the Dungeon)

   [ring of flight]

   It affects your dexterity (+4).
   It protects you from negative energy.
   It lets you fly.
 O - a +6 ring of dexterity
 P - the ring "Klaxyomy" (right hand) {rN+ MR+ AC+3 Dex-5}
   (You found it in an ice cave)

   [ring of protection]

   It affects your AC (+3).
   It affects your dexterity (-5).
   It protects you from negative energy.
   It affects your resistance to hostile enchantments.
 Q - an uncursed ring of protection from fire
 S - an uncursed ring of teleport control
Magical devices
 e - a wand of fire (1)
 i - a wand of confusion (27)
 l - a wand of paralysis (4)
 v - a wand of teleportation (0)
 B - a wand of digging (13)
 J - a wand of disintegration (10)
 N - a wand of polymorph (9)
 U - a wand of draining (3)
Scrolls
 g - 3 scrolls of silence
 h - 7 scrolls of remove curse
 o - a scroll of summoning
 u - 6 scrolls of identify
 z - 2 scrolls of fear
 E - 2 scrolls of blinking
 G - 2 scrolls of recharging
 I - a scroll of vulnerability
 M - 2 scrolls of fog
 T - 4 scrolls of magic mapping
 X - 3 scrolls of teleportation
Potions
 j - 2 potions of invisibility
 k - 4 potions of cancellation
 n - 11 potions of heal wounds
 p - 2 potions of resistance
 s - a potion of flight
 H - 8 potions of curing
 K - 4 potions of restore abilities
 L - 6 potions of haste
 W - 3 potions of might
Books
 q - the Almanac of Dark Secrets
   (You found it on level 15 of the Dungeon)

   Spells                             Type                      Level
   a - Pain                           Necromancy                   1
   b - Corpse Rot                     Necromancy                   2
   c - Regeneration                   Charms/Necromancy            3
   d - Dispel Undead                  Necromancy                   5
   e - Death Channel                  Necromancy                   6
Miscellaneous
 m - a phial of floods
Comestibles
 V - 7 chunks of flesh
 Z - 9 meat rations


   Skills:
 - Level 10.3 Fighting
 + Level 17.2 Axes
 - Level 2.0 Throwing
 + Level 9.9 Armour
 - Level 2.6 Dodging
 - Level 4.2 Spellcasting
 - Level 9.5 Charms
 - Level 11.4 Necromancy
 - Level 12.0 Invocations
 - Level 12.0 Evocations


You had 17 spell levels left.
You knew the following spells:

 Your Spells              Type           Power        Failure   Level  Hunger
a - Animate Skeleton      Necr           N/A          1%          1    None
b - Animate Dead          Necr           N/A          17%         4    ####...
r - Regeneration          Chrm/Necr      ####......   10%         3    ###....


Dungeon Overview and Level Annotations

Branches:
Dungeon (15/15)            Temple (1/1) D:5            Lair (8/8) D:8
  Swamp (5/5) Lair:3       Spider (5/5) Lair:4        Slime (0/6) Lair:8
    Orc (4/4) D:11            Elf (0/3) Orc:3        Vaults (1/5) D:14
 Depths (0/5) D:15

Altars:
Ashenzari
Cheibriados
Dithmenos
Elyvilon
Fedhas
Gozag
Kikubaaqudgha
Makhleb
Nemelex Xobeh
Okawaru
Qazlal
Ru
Sif Muna
Trog
Vehumet
Xom
Yredelemnul
Zin
The Shining One
Beogh

Shops:
D:4 }   D:10 !   Orc:4 [*!:

Annotations:
D:4 fly
Swamp:5 Frances
Spider:1 exclusion: Roxanne, Roxanne


Innate Abilities, Weirdness & Mutations

Your body is rotting away.
You thrive on raw meat.
You have sharp fingernails.
You are carnivorous and can eat meat at any time.
Your flesh is cold resistant.
You are immune to negative energy.
Your system is resistant to poisons.
You heal slowly when monsters are visible.
You are immune to unholy pain and torment.
You can survive without breathing.

Vault maps used:
D:1:      lightli_arrival_noodles
D:2:      first_bread, grunt_ministairs_6
D:3:      uniq_jessica, uniq_crazy_yiuf_cottage
D:4:      serial_shops, nicolae_shop_temple_entry_statues_fountains,
          corexii_item_surrounded_by_moat, kennysheep_generic_room_8
D:5:      minmay_temple_entry_enclosed_plants, uniq_edmund
D:6:      lemuel_ice_spiral_2, kennysheep_dice, uniq_duvessa, uniq_pikel,
          uniq_sigmund
D:7:      grunt_livestock, roderic_ancient_swastika
D:8:      lair_0_dummy, serial_shops, shop, uniq_grum
D:9:      overflow_temple_1_default, basic_altar, minivault_25,
          small_chamber_with_monster, minmay_misc_feat_hallway,
          uniq_blork_the_orc
D:10:     serial_shops, shop, uniq_erica
D:11:     erik_orc_1
D:12:     kennysheep_potato, uniq_joseph, uniq_nergalle
D:13:     minmay_big_diamond_grid
D:14:     thingy_vault, hangedman_vaults_entry_quadrant_bands,
          kennysheep_minor_cross, small_statue_intersection
D:15:     gammafunk_enter_depths_forms, tso_altar
Temple:   grunt_circular_temple_18
Lair:1:   hibernation_bobbens
Lair:2:   nicolae_lair_grove_arrangements
Lair:3:   swamp_mist, lightli_volcano_entry_magma_tube, serial_bayou_pond_e,
          infiniplex_staircase_pool_2, uniq_fannar
Lair:4:   dummy_spider_entry, infiniplex_staircase_pool
Lair:5:   zaba_antful_of_joy
Lair:6:   st_stairs_12, minivault_19, nicolae_quartered_pool_medium
Lair:7:   st_stairs_11, lookout_lair_type, uniq_rupert
Lair:8:   minmay_lair_end_enchanted_forest, slime_dummy,
          portal_ice_cave_entry_animals_and_master, uniq_harold
Swamp:1:  evilmike_swamp_ruin_wall
Swamp:2:  hangedman_swamp_lotus
Swamp:3:  evilmike_swamp_ruin_rubble_2, uniq_agnes
Swamp:4:  evilmike_swamp_ruin_rubble_1
Swamp:5:  swamp_vile, uniq_frances
Spider:1: spider_trap, uniq_roxanne, uniq_aizul
Spider:2: uniq_arachne, uniq_nikola, uniq_donald
Spider:3: spiders_nest_the_unseen
Spider:5: guppyfry_spider_rune, nicolae_orb_stairs,
          hangedman_spider_tarantella_strand
Orc:2:    minmay_goldmine, lemuel_statue_altar
Orc:3:    basic_altar, nicolae_orc_pool_cavern
Orc:4:    grunt_orc_tribal_feast, basic_altar
Vaults:1: hangedman_vaults_slice, vaults_room_large_hall, grunt_vaults_funnel,
          hangedman_vaults_snaps, nicolae_vaults_little_squares_2,
          nicolae_vaults_windows_and_doors_thing, vaults_room_door_ring,
          nicolae_vaults_ring_of_whatevers
IceCv:    ice_cave_small_dragons
Volcano:  kennysheep_volcano_temple


Message History

The deep troll shaman calls upon its god to strengthen the deep troll.
The deep troll seems to grow stronger.
You slice the orc knight!! You burn the orc knight.
The orc knight is lightly wounded.
You slash the orc priest! You burn the orc priest.
The orc priest is severely wounded.
You closely miss the orc. You slash the orc! You burn the orc.
The orc is almost dead.
The orc knight hits you with a glaive. The orc priest closely misses you.
The orc hits you but does no damage.
You slice the orc!! You burn the orc.
You kill the orc!
Makhleb accepts your kill.
You feel a little better.
You hit the orc knight. You burn the orc knight.
The orc knight is moderately wounded.
You slash the orc priest! You burn the orc priest.
You kill the orc priest!
Makhleb accepts your kill.
You closely miss the orc. The orc knight barely misses you.
A deep troll comes into view.
The deep troll shouts!
You hit the orc knight. You burn the orc knight.
The orc knight is moderately wounded.
You slice the ironheart preserver!! You burn the ironheart preserver.
The ironheart preserver is heavily wounded.
You slash the orc! You burn the orc.
The orc is almost dead.
The orc hits you but does no damage.
The ironheart preserver hits you with a great mace of crushing.
Unknown command.
You slash the orc! You burn the orc.
You kill the orc!
Makhleb accepts your kill.
You feel a little better.
You slice the ironheart preserver!! You burn the ironheart preserver!
The ironheart preserver is severely wounded.
Your plate armour of the Flute prevents you from hitting the orc knight.
The orc knight is moderately wounded.
The deep troll shaman calls upon its god to speed up the deep troll shaman.
The deep troll shaman seems to speed up.
The orc knight hits you with a glaive.
Your ugly thing zombie hits the orc knight!
Unknown command.
Your plate armour of the Flute prevents you from hitting the ironheart preserver.
The ironheart preserver is almost dead.
You completely miss the deep troll. You closely miss the orc knight.
The orc knight is moderately wounded.
Your plate armour of the Flute prevents you from hitting the deep troll shaman.
The deep troll bites you but does no damage.
The deep troll claws you but does no damage.
The deep troll barely misses you.
The deep troll shaman bites you but does no damage.
The deep troll shaman claws you but does no damage. x2
The ironheart preserver hits you with a great mace of crushing!!
The deep troll shaman calls upon its god to strengthen the deep troll shaman.
The deep troll shaman seems to grow stronger.
The deep troll bites you!! The deep troll closely misses you.
The deep troll claws you but does no damage.
Unknown command.
Unknown command.
You closely miss the deep troll shaman. You barely miss the orc knight.
The orc knight is moderately wounded.
You slash the deep troll! You burn the deep troll.
The deep troll is lightly wounded.
You slash the ironheart preserver! You burn the ironheart preserver.
You kill the ironheart preserver!
Makhleb accepts your kill.
You feel a little better.
The deep troll shaman calls upon its god to speed up the deep troll.
The deep troll seems to speed up.
The orc knight hits you but does no damage.
Your ugly thing zombie misses the orc knight.
The deep troll bites you but does no damage.
The deep troll claws you but does no damage. x2
Your plate armour of the Flute prevents you from hitting the deep troll shaman.
You hit the hill giant. You burn the hill giant.
The hill giant is lightly wounded.
You barely miss the deep troll.
The deep troll is lightly wounded.
You closely miss the orc knight.
The orc knight is moderately wounded.
The deep troll shaman bites you but does no damage.
The deep troll shaman claws you!
The deep troll shaman claws you but does no damage.
The deep troll bites you!! The deep troll claws you!
The deep troll claws you but does no damage.
Your ugly thing zombie hits the orc knight but does no damage.
The hill giant closely misses you.
Your ugly thing zombie closely misses the orc knight.
The orc knight hits you but does no damage.
The deep troll shaman bites you but does no damage.
The deep troll shaman claws you!!
* * * LOW HITPOINT WARNING * * *
The deep troll shaman barely misses you.
Your ugly thing zombie barely misses the orc knight.
The deep troll bites you but does no damage.
The deep troll claws you!!
* * * LOW HITPOINT WARNING * * *
The deep troll claws you!
You die...

#######################
........................
.........................
.........................
.....................:...
.............Z.Zo)).......
........Z......ZT.C.......
................@TT.......
..................T......
.........Z.....#######+##
..########.....# ..#
#.....# ..# #.....# ..#
#.....# ..# #..... ..#


You could see an orc knight, a hill giant, 2 deep trolls, 2 deep troll shamans,
3 friendly ugly thing zombies, a friendly yaktaur skeleton and a friendly
yaktaur skeleton.

Table legend:
 A = Kills in this place as a percentage of kills in entire the game.
 B = Kills by you in this place as a percentage of kills by you in the entire game.
 C = Kills by friends in this place as a percentage of kills by friends in the entire game.
 D = Other kills in this place as a percentage of other kills in the entire game.
 E = Experience gained in this place as a percentage of experience gained in the entire game.
 F = Experience gained in this place divided by the number of levels of this place that you have seen.
                   A       B       C       D       E      F
               +-------+-------+-------+-------+-------+----------------------
         Total | 100.0 | 100.0 | 100.0 | 100.0 | 100.0 | 6568.4
       Dungeon |  38.4 |  39.5 |  29.5 |  20.0 |  24.7 | 4436.3
          Lair |  18.7 |  20.6 |   2.3 |   0.0 |  20.1 | 6770.6
         Swamp |  10.7 |   8.9 |  27.3 |  10.0 |  19.7 | 10596.6
   Spider Nest |  12.7 |   9.6 |  40.2 |  30.0 |  23.7 | 12786.8
  Orcish Mines |  17.0 |  18.6 |   0.0 |  40.0 |   6.3 | 4247.8
        Vaults |   1.2 |   1.3 |   0.8 |   0.0 |   3.5 | 9327.0
      Ice Cave |   1.4 |   1.5 |   0.0 |   0.0 |   2.0 | 5358.0
               +-------+-------+-------+-------+-------+----------------------

Vanquished Creatures
  A tentacled monstrosity (Swamp:5)
  A sphinx (D:14)
  A thorn hunter (Swamp:4)
  A fire giant (D:14)
  Donald (Spider:2)
  A ghost moth (Spider:5)
  Aizul (Spider:1)
  2 orc warlords
  8 emperor scorpions
  2 very ugly things
  2 ironheart preservers (Vaults:1)
  2 green deaths (Swamp:5)
  An ettin (D:14)
  A fire dragon (D:13)
  8 hydras
  A yaktaur captain (Vaults:1)
  A rakshasa (D:15)
  Fannar (Lair:3)
  3 ice dragons
  Harold (Lair:8)
  Erica (D:10)
  4 alligators
  2 centaur warriors
  2 ghost crabs
  6 death yaks (Lair:4)
  2 tengu warriors
  3 orc high priests (Orc:4)
  A skeletal warrior (D:14)
  An unseen horror (D:14)
  An unseen horror (shapeshifter) (D:15)
  A giant orange brain (D:15)
  2 deep trolls (Vaults:1)
  2 hill giants (D:13)
  6 orc knights
  2 ice statues (IceCv)
  Pikel (D:6)
  A shambling mangrove (Swamp:5)
  5 swamp dragons
  4 orc sorcerers
  4 orb spiders
  5 hornets
  10 wolf spiders
  21 ugly things
  2 cyclopes
  10 elephants
  A griffon (Lair:8)
  2 centaur zombies
  4 torpor snails
  7 black mambas
  2 fire drakes
  2 kobold demonologists
  An orange demon (Orc:4)
  6 centaur skeletons
  11 komodo dragons
  4 yaktaurs (Vaults:1)
  A komodo dragon (shapeshifter) (D:15)
  An efreet (D:14)
  14 spiny frogs
  4 spriggan druids
  2 tengu conjurers
  8 demonic crawlers
  A troll (shapeshifter) (D:15)
  10 jumping spiders
  A deep elf priest (D:14)
  6 polar bears (Lair:8)
  6 trolls
  5 giant leeches
  9 ravens
  2 two-headed ogres
  8 blink frogs
  3 baby alligators (Swamp:2)
  7 bog bodies
  A boulder beetle (Lair:6)
  A spectral swamp dragon (Swamp:3)
  2 trapdoor spiders (shapeshifter)
  A basilisk (Lair:4)
  25 slime creatures
  A ynoxinul (Orc:4)
  38 yaks
  12 tarantellas
  A water elemental (D:11)
  2 wraiths
  16 spriggans
  5 shadows
  27 redbacks
  12 trapdoor spiders
  2 deep elf magi (D:14)
  A large abomination (Swamp:5)
  10 hippogriffs
  3 wyverns
  A hog (D:7)
  Grum (D:8)
  Sigmund (D:6)
  A warg (shapeshifter) (D:15)
  A steam dragon (D:10)
  A mottled dragon (D:13)
  A human (D:7)
  3 insubstantial wisps
  4 hungry ghosts
  5 wargs
  Edmund (D:5)
  20 swamp worms
  39 wolves
  6 porcupines
  2 soldier ants
  19 water moccasins
  7 vampire mosquitoes
  2 sky beasts
  A soldier ant (shapeshifter) (D:14)
  19 ice beasts
  7 phantoms
  17 spiders
  3 swamp drakes
  An eye of draining (D:13)
  9 black bears
  A dwarf (shapeshifter) (D:15)
  31 orc warriors
  2 necrophages
  11 wasps
  5 centaurs
  7 ogres
  2 boring beetles
  Duvessa (D:5)
  8 crocodiles
  Blork the orc (D:9)
  6 big kobolds
  A gnoll sergeant (D:5)
  16 giant frogs
  2 wyvern skeletons
  8 scorpions
  12 killer bees
  2 yak skeletons (Orc:4)
  12 wights
  9 crimson imps
  Dowan (D:5)
  A goliath beetle (D:6)
  A giant frog zombie (D:12)
  2 quasits
  An electric eel (Spider:2)
  Crazy Yiuf (D:3)
  10 hounds
  7 jellies
  4 giant frog skeletons
  6 iguanas
  27 orc priests
  34 orc wizards
  14 worker ants
  An iron imp (D:13)
  10 sheep
  Jessica (D:3)
  A hound skeleton (D:9)
  4 mummies
  A worker ant zombie (D:7)
  39 river rats
  10 gnolls
  A white imp (D:13)
  17 adders
  2 worms
  3 shadow imps
  2 orc zombies (Orc:4)
  An adder zombie (D:9)
  4 adder skeletons
  4 giant geckos
  192 orcs
  A bat skeleton (D:6)
  A bat zombie (D:6)
  6 giant cockroaches
  16 goblins
  19 hobgoblins
  9 jackals
  31 kobolds
  9 quokkas
  13 bats
  8 giant newts
  2 jackal skeletons
  A quokka zombie (D:3)
  15 rats
  9 rat skeletons (Orc:4)
  4 fungi
  3 plants
1285 creatures vanquished.

Vanquished Creatures (collateral kills)
  Arachne (Spider:2)
  Nikola (Spider:2)
  Rupert (Lair:7)
  Agnes (Swamp:3)
  The ghost of spinkules the Tortoise, a mighty GrBe of Trog (Spider:5)
  An emperor scorpion (Spider:5)
  A hydra (D:12)
  A fire dragon (D:13)
  A centaur warrior (D:13)
  Nergalle (D:12)
  An alligator (Swamp:1)
  A deep elf knight (D:14)
  A deep troll (Vaults:1)
  2 swamp dragons
  A hill giant (D:14)
  An orc knight (D:14)
  10 orb spiders
  A cyclops (D:13)
  A moth of wrath (Spider:5)
  5 wolf spiders (Spider:5)
  3 ugly things
  2 hornets (Spider:5)
  Joseph (D:12)
  2 orange demons (Swamp:5)
  A torpor snail (Spider:2)
  A gargoyle (D:13)
  A centaur skeleton (D:14)
  3 spiny frogs
  4 demonic crawlers
  4 jumping spiders
  A deep elf priest (D:14)
  5 slime creatures
  A giant leech (Swamp:1)
  3 bog bodies
  A boulder beetle (D:13)
  A basilisk (D:12)
  3 redbacks
  A shadow (D:14)
  7 trapdoor spiders
  4 tarantellas
  2 deep elf magi
  3 vampire mosquitoes (Swamp:5)
  5 yaks (D:12)
  A small abomination (Swamp:5)
  9 insubstantial wisps
  A mottled dragon (D:12)
  4 swamp worms
  A water moccasin (Swamp:1)
  2 wasps (Spider:5)
  A trapdoor spider simulacrum (D:13)
  A centaur (D:13)
  5 spiders
  A swamp drake (Swamp:2)
  2 crocodiles (Lair:2)
  An ice beast (D:14)
  An orc warrior (D:13)
  A big kobold (D:13)
  An electric eel (Spider:2)
  A giant frog skeleton (D:13)
  A giant frog zombie (D:12)
  A jelly (D:13)
  An orc wizard (D:14)
  A hound (D:13)
  2 spectral orcs (D:12)
  An orc (D:14)
  A kobold (D:14)
134 creatures vanquished.

Vanquished Creatures (others)
  An Executioner (Swamp:4)
  A cacodemon (Swamp:3)
  A green death (Spider:5)
  8 wolf spider zombies (Spider:5)
  An ugly thing zombie (Swamp:5)
  A wolf spider (Spider:2)
  A sphinx skeleton (D:14)
  A centaur skeleton (D:14)
  5 redback zombies
  2 emperor scorpion zombies (Spider:5)
  A jumping spider (Spider:2)
  3 demonic crawler zombies
  5 trapdoor spider zombies
  4 tarantella zombies (Spider:5)
  A hydra skeleton (Swamp:5)
  6 jumping spider zombies
  An alligator skeleton (Swamp:5)
  A deep elf mage (D:15)
  A redback (Spider:2)
  2 ugly thing skeletons (D:14)
  A fire dragon skeleton (D:13)
  2 hill giant skeletons (D:13)
  A swamp worm (Swamp:3)
  5 orb spider zombies (Spider:5)
  5 raven skeletons
  A wasp zombie (Spider:5)
  A spiny frog skeleton (Swamp:5)
  A swamp dragon zombie (Swamp:5)
  An orc warrior (D:6)
  A blink frog skeleton (Swamp:4)
  2 slaves
  2 swamp dragon skeletons (Swamp:5)
  A vampire mosquito zombie (Swamp:5)
  A spider zombie (Spider:2)
  A komodo dragon skeleton (Swamp:2)
  A scorpion (Spider:2)
  2 water moccasin skeletons
  A troll skeleton (D:13)
  A tengu skeleton (D:14)
  An iguana (D:6)
  3 bog body skeletons
  2 two-headed ogre skeletons
  3 elf skeletons
  A giant frog skeleton (D:14)
  An orc wizard (D:11)
  An ogre skeleton (D:12)
  A mottled dragon skeleton (D:13)
  A hound skeleton (D:14)
  A scorpion zombie (Spider:2)
  A swamp drake skeleton (Swamp:2)
  An electric eel zombie (Spider:2)
  4 orcs
  A kobold (D:8)
  A giant spore (D:8)
  2 kobold skeletons (D:12)
  2 orc skeletons
  An orc zombie (Orc:4)
  2 rat skeletons (Orc:4)
  A ballistomycete (D:8)
  2 briar patches (Swamp:4)
  24 fungi
  8 plants
143 creatures vanquished.

Grand Total: 1562 creatures vanquished

Notes
Turn   | Place    | Note
--------------------------------------------------------------
     0 | D:1      | magipi, the Ghoul Gladiator, began the quest for the Orb.
     0 | D:1      | Reached XP level 1. HP: 17/17 MP: 1/1
   228 | D:1      | Reached skill level 3 in Axes
   256 | D:1      | Reached XP level 2. HP: 14/24 MP: 2/2
   559 | D:1      | Reached XP level 3. HP: 26/29 MP: 3/3
   897 | D:2      | Reached skill level 4 in Axes
  1018 | D:2      | Reached XP level 4. HP: 34/36 MP: 3/3
  1569 | D:3      | Noticed Jessica
  1578 | D:3      | Killed Jessica
  1578 | D:3      | Reached skill level 5 in Axes
  1578 | D:3      | Reached XP level 5. HP: 41/41 MP: 4/4
  2013 | D:4      | Noticed a phantom
  2017 | D:5      | Entered Level 5 of the Dungeon
  2171 | D:4      | Reached XP level 6. HP: 40/48 MP: 5/5
  2222 | D:4      | Reached skill level 6 in Axes
  2453 | D:5      | Noticed Edmund
  2480 | D:5      | Killed Edmund
  2480 | D:5      | Reached XP level 7. HP: 52/55 MP: 5/5
  2501 | D:5      | Reached skill level 7 in Axes
  2633 | D:5      | Noticed a necrophage
  2641 | D:5      | Killed a necrophage
  2785 | D:5      | Noticed a two-headed ogre
  2959 | D:6      | Reached skill level 8 in Axes
  3202 | D:4      | Reached XP level 8. HP: 59/61 MP: 6/6
  3452 | D:4      | Found Grosm's Gadget Shop.
  3792 | D:5      | Found a staircase to the Ecumenical Temple.
  3805 | Temple   | Entered the Ecumenical Temple
  3836 | Temple   | Became a worshipper of Makhleb the Destroyer
  4520 | D:7      | Reached skill level 9 in Axes
  4600 | D:6      | Noticed Pikel
  4614 | D:6      | Killed Pikel
  4614 | D:6      | Reached skill level 10 in Axes
  4642 | D:6      | Noticed Sigmund
  4660 | D:6      | Killed Sigmund
  4785 | D:7      | Acquired Makhleb's first power
  4798 | D:7      | Reached XP level 9. HP: 65/67 MP: 7/7
  4939 | D:7      | Reached skill level 11 in Axes
  5124 | D:7      | Acquired Makhleb's second power
  5656 | D:8      | Reached skill level 1 in Armour
  5858 | D:8      | Noticed Grum
  5897 | D:8      | Killed Grum
  5925 | D:8      | Reached skill level 5 in Fighting
  5925 | D:8      | Reached XP level 10. HP: 9/81 MP: 7/7
  6022 | D:8      | Found a staircase to the Lair.
  6104 | D:8      | Found Cowism's Antique Weapon Boutique.
  6391 | D:9      | Acquired Makhleb's third power
  6530 | D:9      | Found an opulent altar of Gozag.
  6618 | D:9      | Noticed Blork the orc
  6748 | D:9      | Found a bloodstained altar of Trog.
  6803 | D:10     | Entered Level 10 of the Dungeon
  6863 | D:10     | Reached skill level 5 in Armour
  7006 | D:10     | Acquired Makhleb's fourth power
  7068 | D:10     | Found Iros' Distillery.
  7161 | D:10     | Bought a potion of haste for 140 gold pieces
  7161 | D:10     | Bought a potion of heal wounds for 70 gold pieces
  7161 | D:10     | Bought a potion of heal wounds for 70 gold pieces
  7161 | D:10     | Bought a potion of flight for 42 gold pieces
  7322 | D:10     | Noticed Erica
  7340 | D:10     | Killed Erica
  7340 | D:10     | Reached XP level 11. HP: 95/95 MP: 8/8
  7399 | D:10     | Noticed a cyclops
  7439 | D:10     | Killed a cyclops
  7715 | D:6      | Noticed Duvessa
  7811 | D:4      | Killed a phantom
  7878 | D:3      | Noticed Crazy Yiuf
  7896 | D:3      | Killed Crazy Yiuf
  7970 | D:3      | Acquired Makhleb's fifth power
  8179 | D:6      | Noticed Dowan
  8196 | D:5      | Killed Duvessa
  8198 | D:5      | Killed Dowan
  8573 | Lair:1   | Entered Level 1 of the Lair of Beasts
  8648 | Lair:1   | Learned a level 1 spell: Animate Skeleton
  8794 | Lair:1   | Reached skill level 1 in Spellcasting
  8794 | Lair:1   | Reached skill level 1 in Necromancy
  8870 | Lair:1   | Reached skill level 10 in Fighting
  9256 | Lair:3   | Noticed a six-headed hydra
  9260 | Lair:3   | Noticed Fannar
  9337 | Lair:3   | Found a staircase to the Swamp.
  9408 | Lair:3   | Found a dark tunnel.
  9419 | Volcano  | Entered a volcano
  9437 | Volcano  | Found a radiant altar of Vehumet.
  9438 | Volcano  | Noticed an ogre mage
  9807 | Lair:3   | Reached skill level 1 in Evocations
  9812 | Lair:4   | Found a hole to the Spider Nest.
  9812 | Lair:4   | Noticed a death yak
  9812 | Lair:4   | Noticed a death yak
  9812 | Lair:4   | Noticed a death yak
  9812 | Lair:4   | Noticed a death yak
  9812 | Lair:4   | Noticed a death yak
  9813 | Lair:4   | Noticed a death yak
  9886 | Lair:4   | Got a slimy plate armour
  9903 | Lair:4   | Identified the +9 plate armour of the Flute {Str+4 Int+7} (You found it on level 4 of the Lair of Beasts)
  9939 | Lair:4   | Reached XP level 12. HP: 94/106 MP: 19/19
 10084 | Lair:4   | Killed a death yak
 10093 | Lair:4   | Killed a death yak
 10161 | Lair:4   | Killed a death yak
 10161 | Lair:4   | Reached skill level 5 in Necromancy
 10164 | Lair:4   | Killed a death yak
 10169 | Lair:4   | Killed a death yak
 10169 | Lair:4   | Reached skill level 1 in Invocations
 10179 | Lair:4   | Killed a death yak
 10239 | Lair:4   | Reached skill level 5 in Evocations
 11073 | Lair:6   | Reached skill level 5 in Invocations
 11359 | Lair:6   | Reached XP level 13. HP: 113/113 MP: 20/21
 12046 | Lair:7   | Noticed Rupert
 12079 | Lair:7   | Killed Rupert
 12163 | Lair:8   | Entered Level 8 of the Lair of Beasts
 12203 | Lair:8   | Found a staircase to the Slime Pits.
 12547 | Lair:8   | Found a frozen archway.
 12582 | IceCv    | Entered an ice cave
 12587 | IceCv    | Reached skill level 10 in Evocations
 12806 | IceCv    | Reached skill level 10 in Invocations
 12944 | IceCv    | Got a pitted copper ring
 12948 | IceCv    | Identified the ring "Klaxyomy" {rN+ MR+ AC+3 Dex-5} (You found it in an ice cave)
 13050 | Lair:8   | Reached XP level 14. HP: 120/120 MP: 26/26
 13441 | Lair:8   | Noticed Harold
 13453 | Lair:8   | Killed Harold
 14538 | D:11     | Reached skill level 12 in Evocations
 14540 | D:11     | Found a staircase to the Orcish Mines.
 14624 | Orc:1    | Entered Level 1 of the Orcish Mines
 15426 | Orc:3    | Found an iron altar of Okawaru.
 15470 | Orc:4    | Entered Level 4 of the Orcish Mines
 15470 | Orc:4    | Noticed an orc warlord
 15559 | Orc:3    | Found a staircase to the Elven Halls.
 15655 | Orc:3    | Noticed an orc warlord
 15711 | Orc:3    | Killed an orc warlord
 15844 | Orc:2    | Found an ancient bone altar of Kikubaaqudgha.
 16056 | Orc:4    | Learned a level 4 spell: Animate Dead
 16161 | Orc:4    | Killed an orc warlord
 16291 | Orc:4    | Found a roughly hewn altar of Beogh.
 16686 | Orc:4    | Reached XP level 15. HP: 126/126 MP: 29/29
 16784 | Orc:4    | Found Brorchof's Antique Armour Shop.
 16785 | Orc:4    | Found Fythraja's General Store.
 16789 | Orc:4    | Found Amirph's Distillery.
 16789 | Orc:4    | Found Giochegh's Book Shoppe.
 16799 | Orc:4    | Bought a potion of curing for 51 gold pieces
 16799 | Orc:4    | Bought 2 potions of degeneration for 34 gold pieces
 16799 | Orc:4    | Bought a potion of heal wounds for 85 gold pieces
 16799 | Orc:4    | Bought a potion of curing for 51 gold pieces
 16799 | Orc:4    | Bought a potion of haste for 170 gold pieces
 16799 | Orc:4    | Bought a potion of might for 68 gold pieces
 16805 | Orc:4    | Bought a brightly glowing helmet for 247 gold pieces
 16815 | Orc:4    | Identified the cursed -2 helmet of Hedge Wizardry {rF+ rC+ Regen+ Str-5} (You bought it in a shop on level 4 of the Orcish Mines)
 16833 | Orc:4    | Bought a scroll of enchant weapon for 105 gold pieces
 17206 | D:12     | Noticed Nergalle
 17221 | D:12     | Killed Nergalle
 17252 | D:12     | Noticed Joseph
 17256 | D:12     | Killed Joseph
 17297 | D:12     | Got a glittering pewter ring
 17878 | D:13     | Identified the ring of Gimn {+Fly rN+ Dex+4} (You found it on level 12 of the Dungeon)
 18756 | D:13     | Reached skill level 13 in Axes
 19216 | D:14     | Identified Vehumet's Grimoire of Conjuration and Air
 19298 | D:14     | Noticed a sphinx
 19305 | D:14     | Killed a sphinx
 19357 | D:14     | Noticed a fire giant
 19384 | D:14     | Reached skill level 10 in Necromancy
 19403 | D:14     | Killed a fire giant
 20057 | D:14     | Found a gate to the Vaults.
 20100 | D:15     | Entered Level 15 of the Dungeon
 20248 | D:15     | Identified the Almanac of Dark Secrets (You found it on level 15 of the Dungeon)
 20263 | D:15     | Reached XP level 16. HP: 134/134 MP: 29/29
 20274 | D:15     | Learned a level 3 spell: Regeneration
 20741 | D:15     | Reached skill level 14 in Axes
 21015 | D:15     | Found a staircase to the Depths.
 21395 | Lair:2   | Reached skill level 1 in Charms
 21566 | Swamp:1  | Entered Level 1 of the Swamp
 22809 | Swamp:3  | Noticed Agnes
 22820 | Swamp:3  | Killed Agnes
 23196 | Swamp:4  | Noticed a thorn hunter
 23218 | Swamp:4  | Killed a thorn hunter
 23251 | Swamp:5  | Entered Level 5 of the Swamp
 23263 | Swamp:5  | Reached skill level 5 in Charms
 23388 | Swamp:4  | Reached skill level 15 in Axes
 23718 | Swamp:5  | Noticed a tentacled monstrosity
 23810 | Swamp:4  | Noticed a thorn hunter
 23910 | Swamp:5  | Reached XP level 17. HP: 139/139 MP: 30/30
 23926 | Swamp:5  | Killed a tentacled monstrosity
 24138 | Swamp:5  | Got a decaying rune of Zot
 24146 | Swamp:5  | Noticed a thorn hunter
 24160 | Swamp:5  | Noticed Frances
 24188 | Swamp:4  | Noticed a thorn hunter
 24364 | Spider:1 | Entered Level 1 of the Spider Nest
 24384 | Spider:1 | Noticed Roxanne
 24409 | Spider:2 | Noticed Donald
 24542 | Spider:1 | Noticed Aizul
 24555 | Spider:1 | Killed Aizul
 24760 | Spider:2 | Killed Donald
 24769 | Spider:2 | Noticed Arachne
 24789 | Spider:2 | Killed Arachne
 24807 | Spider:2 | Noticed Nikola
 24828 | Spider:2 | Killed Nikola
 24828 | Spider:2 | Reached skill level 16 in Axes
 25330 | Spider:5 | Entered Level 5 of the Spider Nest
 25461 | Spider:5 | Noticed spinkules' ghost (mighty GrBe)
 25524 | Spider:4 | Identified the Compendium of Transformation
 25965 | Spider:5 | Killed spinkules' ghost
 26309 | Spider:5 | Reached XP level 18. HP: 125/148 MP: 28/31
 26644 | Spider:5 | Got a gossamer rune of Zot
 26679 | Spider:4 | Reached skill level 17 in Axes
 26804 | Lair:3   | Killed Fannar
 26978 | D:9      | Killed Blork the orc
 27303 | Vaults:1 | Entered Level 1 of the Vaults
 27517 | Vaults:1 | HP: 7/148 [deep troll[an ironheart preserver] (21)]
 27517 | Vaults:1 | Slain by a deep troll

Action                   |  1- 3 |  4- 6 |  7- 9 | 10-12 | 13-15 | 16-18 || total
-------------------------+-------+-------+-------+-------+-------+-------++-------
Melee: War axe           |   125 |   199 |   241 |       |       |       ||   565
       Battleaxe         |       |       |   236 |   695 |  1383 |  1146 ||  3460
 Fire: Blowgun           |       |       |       |    12 |       |    14 ||    26
Throw: Throwing net      |     1 |     3 |     1 |       |     1 |     4 ||    10
 Cast: Animate Skeleton  |       |       |       |       |    28 |    35 ||    63
       Animate Dead      |       |       |       |       |       |    37 ||    37
Invok: Greater Servant o |       |       |       |       |     3 |     6 ||     9
       Lesser Servant of |       |       |       |       |       |     1 ||     1
 Abil: Evoke Teleportati |       |       |       |       |     7 |    17 ||    24
Evoke: Wand              |       |       |     4 |     5 |    15 |    10 ||    34
  Use: Scroll            |       |       |    16 |    23 |     9 |    19 ||    67
       Potion            |       |       |     4 |     4 |     2 |     7 ||    17
 Stab: Distracted        |       |     1 |       |       |     5 |    12 ||    18
       Held in net/web   |       |     2 |       |       |     1 |     2 ||     5
       Confused          |       |       |       |       |     2 |       ||     2
  Eat: Chunk             |    16 |    25 |    44 |    65 |    74 |   100 ||   324

Action                   |  1- 3 |  4- 6 |  7- 9 | 10-12 | 13-15 | 16-18 || total
-------------------------+-------+-------+-------+-------+-------+-------++-------
Melee: War axe           |   125 |   199 |   241 |       |       |       ||   565
       Battleaxe         |       |       |   236 |   695 |  1383 |  1146 ||  3460
 Fire: Blowgun           |       |       |       |    12 |       |    14 ||    26
Throw: Throwing net      |     1 |     3 |     1 |       |     1 |     4 ||    10
 Cast: Animate Skeleton  |       |       |       |       |    28 |    35 ||    63
       Animate Dead      |       |       |       |       |       |    37 ||    37
Invok: Greater Servant o |       |       |       |       |     3 |     6 ||     9
       Lesser Servant of |       |       |       |       |       |     1 ||     1
 Abil: Evoke Teleportati |       |       |       |       |     7 |    17 ||    24
Evoke: Wand              |       |       |     4 |     5 |    15 |    10 ||    34
  Use: Scroll            |       |       |    16 |    23 |     9 |    19 ||    67
       Potion            |       |       |     4 |     4 |     2 |     7 ||    17
 Stab: Distracted        |       |     1 |       |       |     5 |    12 ||    18
       Held in net/web   |       |     2 |       |       |     1 |     2 ||     5
       Confused          |       |       |       |       |     2 |       ||     2
  Eat: Chunk             |    16 |    25 |    44 |    65 |    74 |   100 ||   324

Action                   |  1- 3 |  4- 6 |  7- 9 | 10-12 | 13-15 | 16-18 || total
-------------------------+-------+-------+-------+-------+-------+-------++-------
Melee: War axe           |   125 |   199 |   241 |       |       |       ||   565
       Battleaxe         |       |       |   236 |   695 |  1383 |  1146 ||  3460
 Fire: Blowgun           |       |       |       |    12 |       |    14 ||    26
Throw: Throwing net      |     1 |     3 |     1 |       |     1 |     4 ||    10
 Cast: Animate Skeleton  |       |       |       |       |    28 |    35 ||    63
       Animate Dead      |       |       |       |       |       |    37 ||    37
Invok: Greater Servant o |       |       |       |       |     3 |     6 ||     9
       Lesser Servant of |       |       |       |       |       |     1 ||     1
 Abil: Evoke Teleportati |       |       |       |       |     7 |    17 ||    24
Evoke: Wand              |       |       |     4 |     5 |    15 |    10 ||    34
  Use: Scroll            |       |       |    16 |    23 |     9 |    19 ||    67
       Potion            |       |       |     4 |     4 |     2 |     7 ||    17
 Stab: Distracted        |       |     1 |       |       |     5 |    12 ||    18
       Held in net/web   |       |     2 |       |       |     1 |     2 ||     5
       Confused          |       |       |       |       |     2 |       ||     2
  Eat: Chunk             |    16 |    25 |    44 |    65 |    74 |   100 ||   324
